Bydlo, chaotic male human Barbarian ---------- |.....k.G| |..o..oh.. -------------- |.\ookGhk| # |.............### |.(k@ooo%-######### #...{.........| # -#---- -----+---- # #|..^+........| ############-..(.| ### #|............| |....| ### #---------#--#- |....| #### ##%# ##.....| # # # # ------ ### # ### # # # # ####------------# # ##|..........|# # # ##-...........# --------.---# #|..........| |......%...|# |.(........|# |..........|# ------------######%##....<.......# ------------ Bydlo the Bandit Experience level: 7 Strength: 18 Dexterity: 17 Constitution: 18 Intelligence: 7 Wisdom: 10 Charisma: 6 Health: 0(83) Energy: 20(20) AC: 7 Gold: 118 Moves: 2369 Your Inventory: Coins $ - 118 gold pieces Amulets m - a cursed oval amulet [of restful sleep] (being worn) Weapons a - an uncursed corroded +0 battle-axe (weapon in hands) b - an uncursed +0 short sword (alternate weapon; not wielded) Armor c - an uncursed +0 ring mail (being worn) Comestibles d - 8 uncursed food rations k - 2 [uncursed] tripe rations l - an [uncursed] cream pie Wands h - an [uncursed] wand of striking [0:6] Tools i - an [uncursed] key [skeleton key] Spells known in the end: Name Level Category Fail Memory Your skills at the end: Fighting Skills bare handed combat [Basic / Master] Weapon Skills axe [Basic / Expert] short sword [Basic / Expert] Spellcasting Skills Final Attributes: You were piously aligned. Hunger level was 744. Your alignment was 21 / 21. Monster difficulty range was 1 - 6. Level difficulty was 6. You were immune to poison. You fell asleep. You were telepathic. You were fast. Your luck was zero. You are dead. Vanquished creatures: 2 bugbears an imp 4 Uruk-hai a rock piercer a pony a fog cloud a gnome lord 5 giant ants a little dog 2 floating eyes a kitten a homunculus a kobold lord 2 orc zombies 2 iguanas 2 acid blobs 2 coyotes a hobbit 2 large kobolds 3 hobgoblins 2 giant rats 2 cave spiders a brown mold a yellow mold a red mold 2 gnomes 5 garter snakes 2 geckos 11 jackals a goblin a sewer rat 2 grid bugs 3 lichens a kobold zombie 5 newts 76 creatures vanquished. Voluntary challenges: You were an atheist. You used a wielded weapon 71 times. You read items or engraved 5 times. You put on armor 1 time. You never genocided any monsters. You never polymorphed an object. You never changed form. You used no wishes. You wrote Elbereth's name 2 times. You never encountered a bones level. You never used any Sokoban shortcuts. Dungeon overview: The Dungeons of Doom: levels 1 to 6 Level 1 a fountain a long staircase Level 2 a fountain stairs to The Gnomish Mines Level 4 an altar to Set, a fountain Level 5 a sink Level 6 <- You were here a fountain, a throne The Gnomish Mines: Level 3 stairs to The Dungeons of Doom History has recorded: On T:1 you entered the Dungeons of Doom to retrieve the Amulet of Yendor! On T:340 you reached level 2 of The Dungeons of Doom. On T:720 you advanced to experience level 2. On T:737 you reached level 1 of The Gnomish Mines. On T:801 you advanced to experience level 3. On T:892 you reached level 3 of The Dungeons of Doom. On T:990 you advanced to experience level 4. On T:1171 you reached level 4 of The Dungeons of Doom. On T:1264 you advanced to experience level 5. On T:1575 you advanced to experience level 6. On T:1699 you reached level 5 of The Dungeons of Doom. On T:2169 you reached level 6 of The Dungeons of Doom. On T:2216 you advanced to experience level 7. Latest messages: The hobgoblin throws an orcish dagger! The crude dagger misses the hill orc. You are hit by an orcish dagger. The hill orc swings his scimitar. The hill orc hits! The kobold shaman points all around, then curses. The gnome swings his crossbow. The gnome misses. The gnome picks up a scimitar. The hobgoblin wields a scimitar! [HP-8=13] You kill the gnome! The hobgoblin wields a scimitar! The hobgoblin hits! [HP-2=11] The kobold shaman points all around, then curses. The gnome wields a scimitar! The hobgoblin swings her scimitar. The hobgoblin hits! The hobgoblin just misses! The hobgoblin wields a scimitar! The kobold lord hits! You die... Final status: Goodbye Bydlo the Barbarian... You died in The Dungeons of Doom on dungeon level 6 with 2823 points, and 118 pieces of gold, after 2369 moves. You were level 7 with a maximum of 83 hit points when you died.